AoeStats
← B-77

Fortress

509702216Analyzed
4v4 RM · 4d ago on Sep 27, 2026· 48m 15s· 8 players
Game mode
Random Map
Map size
Huge
Population
200
Speed
Normal
Resources
Standard
Victory
Conquest
Starting age
Dark Age
Ending age
Imperial Age
RankedLock teamsTeams togetherTeam positionsShared explorationLock speedFull tech treeHidden civsTurbo modeCheats
Victory
Defeat
🇬🇧 Hindustanis · United Kingdom
909
+16
🇸🇬 Danes · Singapore
902
+16
🇫🇮 Franks · Finland
859
+18
🇨🇳 Persians · China
856
+17
🇮🇹 Italians · Italy
906
-17
🇫🇷 Spanish · France
903
-17
🇫🇷 Persians · France
896
-17
🇫🇷 Chinese · France
885
-16
Patapé !
7:59 Feudal Age
8:37 Double-Bit Axe
8:51 Horse Collar
15:02 Castle Age
14:55 Bloodlines
14:59 Scale Barding Armor
15:52 Wheelbarrow
16:00 Loom
17:52 Town Watch
19:12 Husbandry
22:54 Forging
22:47 Padded Archer Armor
25:10 Town Patrol
31:31 Imperial Age
30:48 Ballistics
30:41 Masonry
30:48 Fortified Wall
32:13 Iron Casting
33:22 Hand Cart
34:48 Chemistry
35:16 Cavalier
36:40 Conscription
36:42 Supremacy
41:18 Blast Furnace
40:39 Chain Barding Armor
41:32 Light Cavalry
zebav
9:24 Feudal Age
7:40 Loom
10:26 Horse Collar
10:34 Double-Bit Axe
14:45 Castle Age
12:59 Gold Mining
14:42 Stone Mining
15:27 Bow Saw
15:22 Heavy Plow
17:24 Loom
18:59 Husbandry
21:57 Bloodlines
31:10 Imperial Age
29:35 Forging
29:31 Scale Barding Armor
31:09 Iron Casting
33:44 Chain Barding Armor
34:25 Blast Furnace
34:14 Gold Shaft Mining
34:29 Heavy Camel Rider
36:46 Stone Shaft Mining
37:23 Wheelbarrow
38:04 Two-Man Saw
37:41 Crop Rotation
37:52 Conscription
39:29 Plate Barding Armor
39:54 Padded Archer Armor
39:44 Fletching
Arguin331
1:32 Loom
8:37 Feudal Age
9:07 Double-Bit Axe
9:06 Horse Collar
14:47 Castle Age
13:07 Fletching
15:15 Forging
15:06 Scale Mail Armor
16:46 Wheelbarrow
16:45 Bow Saw
17:08 Heavy Plow
20:05 Pikeman
21:13 Hand Cart
21:35 Stone Mining
21:41 Gold Mining
21:58 Squires
25:14 Ballistics
25:38 Stone Shaft Mining
31:24 Imperial Age
30:31 Iron Casting
30:11 Chain Mail Armor
31:43 Halberdier
32:52 Conscription
34:08 Two-Man Saw
36:32 Heavy Scorpion
37:44 Rocketry
38:29 Elite Chu Ko Nu
42:20 Chemistry
44:29 Bodkin Arrow
44:34 Padded Archer Armor
45:05 Plate Mail Armor
45:36 Blast Furnace
MABragadin
2:06 Loom
7:31 Feudal Age
8:18 Town Watch
8:19 Double-Bit Axe
8:16 Horse Collar
8:34 Gold Mining
12:20 Castle Age
10:47 Gold Mining
13:17 Bow Saw
13:09 Heavy Plow
18:31 Wheelbarrow
19:05 Stone Mining
21:48 Fletching
22:57 Bodkin Arrow
24:50 Thumb Ring
24:48 Padded Archer Armor
26:41 Light Cavalry
27:44 Leather Archer Armor
27:49 Hand Cart
30:48 Ballistics
33:04 Imperial Age
30:45 Squires
30:08 Pikeman
31:01 Bloodlines
30:58 Husbandry
31:33 Masonry
31:30 Town Patrol
32:56 Treadmill Crane
33:36 Forging
34:06 Conscription
33:41 Elite Genoese Crossbowman
34:54 Hussar
37:54 Fortified Wall
37:47 Bracer
39:01 Hoardings
43:20 Architecture
45:03 Chemistry
44:36 Ring Archer Armor
45:02 Coinage
44:34 Scale Mail Armor
WOODS3851
6:06 Loom
8:13 Feudal Age
9:26 Double-Bit Axe
9:24 Horse Collar
9:51 Gold Mining
11:51 Bloodlines
13:16 Wheelbarrow
15:23 Castle Age
13:42 Town Watch
16:54 Husbandry
17:03 Scale Barding Armor
17:09 Forging
19:20 Bow Saw
20:38 Chain Barding Armor
22:02 Elite Skirmisher
23:04 Stone Mining
24:22 Hand Cart
24:17 Heavy Plow
26:19 Gold Shaft Mining
27:49 Fletching
34:57 Imperial Age
34:08 Devotion
34:09 Bodkin Arrow
36:10 Conscription
35:29 Heavy Camel Rider
39:44 Chemistry
39:04 Ballistics
40:04 Scale Mail Armor
40:40 Iron Casting
40:05 Bracer
41:41 Hoardings
41:17 Imperial Camel Rider
41:56 Elite Ghulam
43:04 Chain Mail Armor
43:50 Blast Furnace
44:40 Siege Engineers
46:59 Plate Barding Armor
46:24 Padded Archer Armor
hattivatti266
8:11 Feudal Age
9:01 Double-Bit Axe
11:48 Castle Age
14:10 Wheelbarrow
13:50 Bow Saw
14:19 Wheelbarrow
21:09 Gold Mining
23:55 Gold Shaft Mining
26:17 Imperial Age
24:31 Scale Barding Armor
25:43 Forging
26:17 Cavalier
27:37 Iron Casting
27:15 Fortified Wall
27:53 Chain Barding Armor
28:54 Stone Mining
30:57 Blast Furnace
30:33 Plate Barding Armor
30:17 Chivalry
30:23 Paladin
32:49 Light Cavalry
34:49 Chemistry
35:25 Scale Mail Armor
39:13 Pikeman
40:22 Elite Throwing Axeman
41:33 Onager
41:44 Capped Ram
⚔vAgAbond🔫
0:33 Loom
9:26 Feudal Age
11:35 Double-Bit Axe
11:34 Horse Collar
11:49 Gold Mining
13:33 Wheelbarrow
15:14 Castle Age
15:00 Fletching
15:10 Padded Archer Armor
17:41 Bow Saw
17:36 Heavy Plow
18:56 Gold Shaft Mining
20:49 Stone Mining
21:22 Hand Cart
20:40 Elite Skirmisher
24:38 Bodkin Arrow
24:59 Leather Archer Armor
28:46 Thumb Ring
30:05 Stone Shaft Mining
33:13 Imperial Age
32:40 Scale Mail Armor
32:50 Forging
34:43 Conscription
34:01 Onager
38:38 Elite Varangian Guard
39:19 Squires
40:36 Scale Mail Armor
40:37 Bracer
41:07 Ring Archer Armor
40:48 Forging
43:57 Caravan
B-77
10:28 Feudal Age
14:29 Castle Age
12:24 Horse Collar
12:55 Double-Bit Axe
14:17 Stone Mining
14:21 Gold Mining
21:09 Heavy Plow
25:09 Wheelbarrow
24:54 Bow Saw
25:26 Stone Shaft Mining
25:28 Gold Shaft Mining
27:19 Hand Cart
30:49 Imperial Age
28:30 Scale Barding Armor
28:36 Forging
30:36 Chain Barding Armor
30:51 Iron Casting
30:46 Caravan
31:09 Town Watch
32:05 Plate Barding Armor
30:54 Elite War Elephant
31:58 Conscription
32:40 Town Patrol
33:18 Crop Rotation
33:50 Two-Man Saw
33:59 Blast Furnace
34:36 Guilds
34:44 Guilds
37:27 Masonry
42:30 Husbandry
42:41 Bloodlines
44:21 Kamandaran
45:38 Crossbowman
46:33 Thumb Ring
Connection lost

Rejoining the realm…

Still unreachable

The connection could not be restored.

Session expired

The server has moved on; the page needs a fresh start.